 Dungeon Crawl Stone Soup version 0.22-a0-157-g169b76a (webtiles) character file.

18 KristoblXynda the Vandal (level 2, -2/14 HPs)
             Began as a Spriggan Hunter on Feb 8, 2018.
             Killed from afar by a dart slug (5 damage)
             ... with a slug dart
             ... on level 1 of the Dungeon.
             The game lasted 00:01:17 (757 turns).

KristoblXynda the Vandal (Spriggan Hunter)           Turns: 757, Time: 00:01:18

Health: -2/14      AC:  2    Str:  8    XL:     2   Next: 51%
Magic:  3/3        EV: 19    Int: 12    God:
Gold:   63         SH:  0    Dex: 16    Spells: 1/1 levels left

rFire    . . .     SeeInvis +   j - +0 dagger
rCold    . . .     Gourm    .   (shield restricted)
rNeg     . . .     Faith    .   c - +0 robe
rPois    .         Spirit   .   (helmet restricted)
rElec    .         Reflect  .   (no cloak)
rCorr    .         Harm     .   (gloves unavailable)
MR       .....                  (boots unavailable)
Stlth    ++........             (no amulet)
HPRegen  0.04/turn              (no ring)
MPRegen  0.08/turn              (no ring)

@: very quick
A: very small, unfitting armour, see invisible, herbivore, speed 3, slow
metabolism 2
a: no special abilities


You were on level 1 of the Dungeon.
You were not hungry.

You visited 1 branch of the dungeon, and saw 1 of its levels.

You collected 63 gold pieces.

Inventory:

Hand Weapons
 a - a +1 hunting sling
 j - a +0 dagger (weapon)
Missiles
 d - 20 sling bullets
 i - 3 stones (quivered)
Armour
 c - a +0 robe (worn)
Scrolls
 e - a scroll of magic mapping {unknown}
 h - a scroll of enchant weapon {unknown}
Potions
 g - a potion of flight {unknown}
Comestibles
 f - 3 rations


   Skills:
 - Level 1.5 Fighting
 + Level 1.0 Short Blades
 + Level 5.0 Slings
 + Level 3.5 Dodging
 + Level 2.4 Stealth


You had one spell level left.
You didn't know any spells.

Dungeon Overview and Level Annotations

Branches:
Dungeon (1/15)

Altars:


Innate Abilities, Weirdness & Mutations

You are very small and have problems with some larger weapons.
You are too small for most types of armour.
You have supernaturally acute eyesight. (SInv)
You are a herbivore.
You cover ground extremely quickly.
You need consume almost no food.


Message History

The hobgoblin hits you with a club.
* * * LOW HITPOINT WARNING * * *
You hit the hobgoblin but do no damage.
The hobgoblin is almost dead.
The hobgoblin hits you but does no damage.
You hit the hobgoblin.
You kill the hobgoblin!
You hit the dart slug.
The dart slug is lightly wounded.
The dart slug completely misses you.
You hit the dart slug.
The dart slug is heavily wounded.
You hit the dart slug.
The dart slug is severely wounded.
The dart slug barely misses you.
You hit the dart slug.
The dart slug is almost dead.
The dart slug launches a dart at you. The slug dart hits you!
You die...

..............#
..............##
.##......###..... .
....#...........
..#.........##......#
....##..#...........#
....#.............#
#..##.........
#.@#.........
##.wr........
###.........
#......... #.....####
#?....# #.....#
#######


You could see a dart slug and a rat.

Vanquished Creatures
  A dart slug (D:1)
  2 leopard geckos (D:1)
  A bat (D:1)
  A giant cockroach (D:1)
  A goblin (D:1)
  4 hobgoblins (D:1)
  A kobold (D:1)
  A frilled lizard (D:1)
12 creatures vanquished.

Notes
Turn   | Place    | Note
-------+----------+-------------------------------------------
     0 | D:1      | KristoblXynda the Spriggan Hunter began the quest for the Orb.
     0 | D:1      | Reached XP level 1. HP: 10/10 MP: 2/2
   133 | D:1      | Reached skill level 5 in Slings
   133 | D:1      | Reached XP level 2. HP: 12/14 MP: 3/3
   457 | D:1      | Reached skill level 1 in Short Blades
   757 | D:1      | Killed from afar by a dart slug

Vault maps used:
D:1:      minmay_arrival_five_plusses

Skill      XL: |  1  2 |
---------------+-------+-----
Stealth        | 2 |  2.4
Slings         | 5 |  5.0
Short Blades   | 1 |  1.0
Fighting       | |  1.5
Dodging        | |  3.5

Action                   || total
-------------------------++-------
Melee: Short sword       ||    35
       Dagger            ||    12
 Stab: Sleeping          ||     2
Dodge: Dodged            ||    34

Table legend:
 A = Spawn XP
 B = Non-spawn XP
 C = Spawn XP percentage of total XP
 D = Spawn monster count
 E = Non-spawn monster count
 F = Spawn count percentage of total count
 G = Total turns spent on level
                    A         B        C        D         E        F      G
               +---------+---------+-------+---------+---------+-------+---------
         Total |       0 |      27 |   0.0 |       0 |      12 |   0.0 |   757
               +---------+---------+-------+---------+---------+-------+---------
           D:1 |       0 |      27 |   0.0 |       0 |      12 |   0.0 |   757
               +---------+---------+-------+---------+---------+-------+---------
